 Dungeon Crawl Stone Soup version bcrawl-1.21 (webtiles) character file.

Game seed: 332536418866338279

37 Freyura the Sneak (level 3, -5/18 HPs)
             Began as a Spriggan Rogue on Feb 9, 2020.
             Killed by nerve-wracking pain
             ... invoked by Jessica
              (10 damage)
             ... on level 2 of the Dungeon.
             The game lasted 00:03:23 (790 turns).

Freyura the Sneak (Spriggan Rogue)                   Turns: 790, Time: 00:03:24

Health: -5/18      AC:  3    Str:  7    XL:     3   Next: 21%
Magic:  6/6        EV: 17    Int: 12    God:
Gold:   46         SH:  0    Dex: 18    Spells: 2/2 levels left

rFire    . . .     SeeInvis +   a - +2 dagger
rCold    . . .     Gourm    .   (shield restricted)
rNeg     . . .     Faith    .   c - +0 robe
rPois    +         Spirit   .   (helmet restricted)
rElec    .         Reflect  .   d - +0 cloak
rCorr    .         Harm     .   (gloves unavailable)
MR       .....                  (boots unavailable)
Stlth    ++++++....             (no amulet)
HPRegen  0.06/turn              n - ring of poison resistance
MPRegen  0.10/turn              o - ring of stealth

@: very quick
A: very small, unfitting armour, see invisible, herbivore, speed 3, slow
metabolism 2
a: no special abilities


You were on level 2 of the Dungeon.
You were not hungry.

You visited 1 branch of the dungeon, and saw 2 of its levels.

You collected 46 gold pieces.

Inventory:

Hand Weapons
 a - a +2 dagger (weapon)
 b - a +0 blowgun
Missiles
 h - 80 poisoned needles
Armour
 c - a +0 robe (worn)
 d - a +0 cloak (worn)
Jewellery
 n - a ring of poison resistance (left hand)
 o - a ring of stealth (right hand)
Wands
 f - a wand of flame (15)
 g - a wand of enslavement (15)
Scrolls
 i - a scroll of teleportation {unknown}
 j - a scroll of blinking {unknown}
Potions
 k - a potion of haste {unknown}
 l - a potion of invisibility {unknown}
 m - a potion of curing {unknown}
Comestibles
 e - 4 rations {!d}


   Skills:
 + Level 1.9 Fighting
 + Level 3.0 Short Blades
 + Level 1.6 Dodging
 * Level 7.1 Stealth
 - Level 2.6 Evocations


You had 2 spell levels left.
You didn't know any spells.
Your spell library was empty.

Dungeon Overview and Level Annotations

Branches:
Dungeon (2/12)

Altars:

Annotations:
D:2 Jessica


Innate Abilities, Weirdness & Mutations

You are very small and have problems with some larger weapons.
You are too small for most types of armour.
You have supernaturally acute eyesight. (SInv)
You are a herbivore.
You cover ground extremely quickly.
You need to consume almost no food.


Message History

You completely miss Jessica. Jessica hits you with a +0 dagger.
You hit Jessica.
Jessica is heavily wounded.
Jessica barely misses you.
You hit Jessica but do no damage.
Jessica is heavily wounded.
Jessica misses you. Jessica casts a spell at you.
Pain shoots through your body!
* * * LOW HITPOINT WARNING * * *
You are too injured to fight recklessly!
You are too injured to fight recklessly!
You are too injured to fight recklessly!
You are too injured to fight recklessly!
You hit Jessica.
Jessica is almost dead.
Jessica casts a spell at you. Pain shoots through your body!
Ouch! That really hurt!
You die...

.. .. ## .# #.
.# .. #.# # #.
#.###.##
##.##.......
#..@@..# #
###...### .###
##...$#♣[♣.♣#♣#
###..#.......
..# #.....#.♣.♣
♣.♣..#
#.....#...#
...###
#.......###
#.... #.......#
###....
#.......##
..#..>.


You could see Jessica.

Vanquished Creatures
  2 worms
  A dart slug (D:1)
  2 leopard geckos (D:1)
  A ball python (D:1)
  A goblin (D:1)
  5 hobgoblins (D:1)
  3 jackals (D:1)
  2 kobolds (D:1)
  A quokka (D:2)
  4 bats (D:1)
  3 rats
25 creatures vanquished.

Notes
Turn   | Place    | Note
-------+----------+-------------------------------------------
     0 | D:1      | Freyura the Spriggan Rogue began the quest for the Orb.
     0 | D:1      | Reached XP level 1. HP: 10/10 MP: 3/3
   138 | D:1      | Reached skill level 1 in Dodging
   138 | D:1      | Reached XP level 2. HP: 10/15 MP: 5/5
   302 | D:1      | Reached skill level 7 in Stealth
   385 | D:1      | Reached XP level 3. HP: 18/18 MP: 6/6
   778 | D:2      | Noticed Jessica
   790 | D:2      | Killed from afar by Jessica

Skill      XL: |  1  2  3 |
---------------+----------+-----
Dodging        | 1 |  1.6
Stealth        | 7 |  7.1
Short Blades   | 3 |  3.0
Fighting       | |  1.9
Evocations     | |  2.6

Action                   || total
-------------------------++-------
Melee: Dagger            ||   118
 Stab: Sleeping          ||     4
Armor: Robe              ||    19
Dodge: Dodged            ||    91
